 Dungeon Sprint DCSS version 0.14-a0-3367-g7c2a7eb (webtiles) character file.

531 Froboctopus the Hoplite (level 6, -10/52 HPs)
             Began as a Formicid Fighter on Mar 19, 2014.
             Was an Initiate of Okawaru.
             Mangled by a slime creature (16 damage)
             ... in the Dungeon (Sprint I: "Red Sonja").
             The game lasted 00:01:39 (670 turns).

Froboctopus the Hoplite (Formicid Fighter)           Turns: 670, Time: 00:01:39

HP -10/52        AC  7     Str 22      XL: 6   Next:  8%
MP   8/8         EV  9     Int  8      God: Okawaru [......]
Gold 328         SH 23     Dex 10      Spells:  0 memorised,  5 levels left

rFire  . . .     SeeInvis +     a - +0,-1 long sword
rCold  . . .     Clarity  .     b - +0 scale mail
rNeg   . . .     Conserve .     c - +0 shield
rPois  .         rCorr    .     (helmet unavailable)
rElec  .         rRot     .     (no cloak)
SustAb . .       Spirit   .     (no gloves)
rMut   .         Warding  .     (no boots)
Saprov . . .     Stasis   +     (no amulet)
MR     .....                    (no ring)
                                (no ring)

@: not resistant to hostile enchantments, extremely unstealthy
A: permanent stasis, dig shafts and tunnels, four strong arms, antennae 3
a: Dig, Renounce Religion


You were in the Dungeon.
You worshipped Okawaru.
Okawaru was noncommittal.
You were not hungry.

You visited 1 branch You collected 328 gold pieces.

Inventory:

Hand weapons
 a - a +0,-1 long sword (weapon)
Armour
 b - a +0 scale mail (worn)
 c - a +0 shield (worn)
Comestibles
 d - a bread ration
Potions
 e - a potion of might
 g - a potion of heal wounds
 i - 2 potions of magic


   Skills:
 + Level 6.0 Fighting
 * Level 6.9 Long Blades
 + Level 6.0 Armour
 * Level 8.8 Shields


You had 5 spell levels left.
You didn't know any spells.

Dungeon Overview and Level Annotations

Branches:
Dungeon (1/1)

Altars:
Cheibriados
Makhleb
Okawaru
Sif Muna
Trog
Vehumet
Xom
The Shining One

Shops:
D =


Innate Abilities, Weirdness & Mutations

Your are under a permanent stasis effect.
You can dig through walls and to a lower floor.
Your four strong arms can wield two-handed weapons with a shield.
You have a pair of large antennae on your head (SInv).


Message History

The slime creature is heavily wounded.
The slime creature barely misses you.
You slash the slime creature!
The slime creature is severely wounded.
The slime creature hits you.
* * * LOW HITPOINT WARNING * * *
You hit the slime creature.
The slime creature is severely wounded.
You block the slime creature's attack.
You hit the slime creature but do no damage.
The slime creature is heavily wounded.
You block the slime creature's attack.
Your scale mail prevents you from hitting the slime creature.
The slime creature is heavily wounded.
You block the slime creature's attack. The slime creature hits you.
* * * LOW HITPOINT WARNING * * *
You slash the slime creature!
The slime creature is severely wounded.
The slime creature hits you!
You die...

###################
#<.#..)..#.)'..#__#
#..').#.j+..#..@J.+
#..#####'#####'#__#
#..####..#...#.####
#..#_.####..##.# {
#..#.....##'#..+
#⌠⌠#_.∩...'..._# {
####.....##_.#'#
#_._._###+#.#
####### ###


You could see a slime creature.

Vanquished Creatures
  An ogre (D)
  Sigmund (D)
  A jelly (D)
  Ijyb (D)
4 creatures vanquished.

Vanquished Creatures (others)
  A gargoyle (D)
1 creature vanquished.

Grand Total: 5 creatures vanquished

Notes
Turn   | Place    | Note
--------------------------------------------------------------
     0 | D        | Froboctopus, the Formicid Fighter, began the quest for the Orb.
     0 | D        | Reached XP level 1. HP: 18/18 MP: 1/1
     1 | D        | Noticed Ijyb
    32 | D        | Killed Ijyb
    32 | D        | Reached skill level 4 in Armour
    32 | D        | Reached skill level 5 in Shields
    32 | D        | Reached XP level 2. HP: 17/25 MP: 3/3
   131 | D        | Noticed an ogre
   137 | D        | Killed an ogre
   137 | D        | Reached skill level 5 in Fighting
   137 | D        | Reached skill level 5 in Long Blades
   137 | D        | Reached skill level 5 in Armour
   137 | D        | Reached skill level 7 in Shields
   137 | D        | Reached XP level 3. HP: 30/33 MP: 4/4
   137 | D        | Reached XP level 4. HP: 35/39 MP: 5/5
   137 | D        | Reached XP level 5. HP: 39/44 MP: 7/7
   187 | D        | Noticed Sigmund
   203 | D        | Killed Sigmund
   203 | D        | Reached skill level 8 in Shields
   435 | D        | Found a shimmering altar of Xom.
   436 | D        | Noticed a jelly
   437 | D        | Found a burning altar of Makhleb.
   440 | D        | Killed a jelly
   440 | D        | Reached XP level 6. HP: 52/52 MP: 8/8
   465 | D        | Found Deope's Jewellery Emporium.
   465 | D        | Found a deep blue altar of Sif Muna.
   465 | D        | Found an iron altar of Okawaru.
   465 | D        | Noticed an elephant slug
   518 | D        | Killed a gargoyle
   583 | D        | Found a glowing golden altar of the Shining One.
   583 | D        | Found a snail-covered altar of Cheibriados.
   585 | D        | Found a bloodstained altar of Trog.
   591 | D        | Became a worshipper of Warmaster Okawaru
   655 | D        | Found a radiant altar of Vehumet.
   655 | D        | Found an iron altar of Okawaru.
   655 | D        | Found a burning altar of Makhleb.
   655 | D        | Found a radiant altar of Vehumet.
   655 | D        | Noticed a slime creature
   670 | D        | Mangled by a slime creature

Action                   |  1- 3 |  4- 6 || total
-------------------------+-------+-------++-------
Melee: Long sword        |    34 |    36 ||    70
  Use: Potion            |       |     1 ||     1
